 Dungeon Crawl Stone Soup version 0.32-a0-599-gba8f9cf90e (webtiles) character file.

Game seed: 14091727989199087466

24437 oppeldang the Basher (level 13, 0/127 HPs)
             Began as an Octopode Wanderer on Mar 3, 2024.
             Was an Elder of Hepliaklqana.
             Succumbed to a killer bee's poison
             ... on level 2 of the Lair of Beasts.
             The game lasted 00:20:53 (14431 turns).

oppeldang the Basher (Octopode Wanderer)           Turns: 14431, Time: 00:20:53

Health: 0/127      AC: 26    Str: 12    XL:     13   Next: 13%
Magic:  15/16      EV:  2    Int: 17    God:    Hepliaklqana [****..]
Gold:   448        SH:  6    Dex: 13    Spells: 7/16 levels left

rFire   + . .        y - +2 flail (drain)
rCold   + . .        g - +2 buckler
rNeg    . . .        b - melded +0 hat
rPois   +            (no amulet)
rElec   .            f - ring of protection from cold
rCorr   .            B - ring of protection from fire
SInv    .            (no ring)
Will    .....        (no ring)
Stlth   ++           (no ring)
HPRegen 0.41/turn    (no ring)
MPRegen 0.15/turn    (no ring)
                     (no ring)

%: no passive effects
@: lethally poisoned (0 -> -6), tree-form
A: stationary, stasis, torment immunity, boosted hp, reduced essence, almost no
armour, (amphibious), 8 rings, (camouflage 1), (gelatinous body 1), (nimble
swimmer 1), (tentacles)
a: Renounce Religion, Recall Ancestor, Ancestor Identity, Transference, Idealise


You were on level 2 of the Lair of Beasts.
You worshipped Hepliaklqana.
Hepliaklqana was greatly pleased with you.
You were a tree.
You visited 3 branches of the dungeon, and saw 14 of its levels.
You also visited: Sewer.

You collected 838 gold pieces.
You spent 390 gold pieces at shops.

Inventory:

Hand Weapons
 a - a +0 spear
 c - a +0 scimitar
 i - a +2 dagger of venom
 j - a +0 flail of protection
 o - the +7 sling "Wietuole" {heavy, *Corrode rF+ rC+ Int+2}
   (You found it on level 4 of the Dungeon)

   Int+2:     It affects your intelligence (+2).
   rF+:       It protects you from fire.
   rC+:       It protects you from cold.
   *Corrode:  It may corrode you when you take damage.
 s - a +0 war axe
 y - a +2 flail of draining (weapon)
 F - a +2 short sword of venom
 G - a +3 great sword of freezing
Missiles
 d - 47 poisoned darts
 h - 11 boomerangs
 O - 3 curare-tipped darts
Armour
 b - a +0 hat (melded)
 g - a +2 buckler (worn)
 P - a +0 tower shield
Jewellery
 f - a ring of protection from cold (left branch)
 B - a ring of protection from fire (right branch)
Wands
 m - a wand of digging (12) {@v3}
 C - a wand of flame (4)
 K - a wand of roots (14)
Scrolls
 l - 3 scrolls of teleportation {@r3}
 n - a scroll of brand weapon
 p - 5 scrolls of vulnerability
 t - a scroll of noise
 w - 2 scrolls of amnesia
 D - 2 scrolls of enchant weapon
 E - a scroll of fear {unknown}
 I - 2 scrolls of fog
 M - a scroll of enchant armour
 N - 3 scrolls of immolation
 Q - a scroll of blinking {unknown}
Potions
 e - 5 potions of curing {@q1}
 k - 5 potions of mutation
 q - 3 potions of attraction
 r - 2 potions of brilliance {unknown}
 u - 3 potions of haste {unknown}
 v - 4 potions of resistance {@q5}
 x - 6 potions of might {@q3}
 A - a potion of magic {unknown}
 J - 3 potions of berserk rage {unknown}
 L - a potion of ambrosia


   Skills:
 + Level 11.1 Fighting
 * Level 13.3 Maces & Flails
 - Level 2.0 Polearms
 + Level 10.1 Dodging
 - Level 2.6 Stealth
 - Level 3.0 Shields
 - Level 2.0 Spellcasting
 - Level 5.2 Summonings
 - Level 5.3 Ice Magic
 - Level 2.0 Invocations
 - Level 4.0 Evocations


You had 7 spell levels left.
You knew the following spells:

 Your Spells              Type           Power      Damage    Failure   Level
a - Summon Small Mammal   Summ           76%        N/A       3%          1
b - Summon Ice Beast      Ice/Summ       19%        N/A       9%          3
c - Call Imp              Summ           38%        N/A       4%          2
d - Passwall              Erth           1%         N/A       61%         3

Your spell library contained the following spells:

 Spells                   Type           Power      Damage    Failure   Level
 Kiss of Death            Conj/Necr      4%         2d5       26%         1
 Necrotise                Necr           4%         1d4       26%         1
 Sandblast                Erth           2%         2d4       26%         1
 Mercury Vapours          Alch/Air       2%         N/A       36%         2
 Sublimation of Blood     Necr           1%         N/A       36%         2
 Dazzling Flash           Conj/Hex       2%         N/A       61%         3
 Mephitic Cloud           Conj/Alch/Air  1%         N/A       61%         3
 Stone Arrow              Conj/Erth      2%         3d7       61%         3
 Vampiric Draining        Necr           1%         2d6       61%         3
 Volatile Blastmotes      Fire/Tloc      2%         2d10      61%         3
 Martyr's Knell           Necr/Summ      10%        N/A       65%         4
 Summon Blazeheart Golem  Fire/Summ      10%        N/A       65%         4
 Brom's Barrelling Bould  Conj/Erth      1%         2d3       95%         4
 Fulminant Prism          Conj/Alch      0%         3d5       95%         4
 Iskenderun's Mystic Bla  Conj/Tloc      1%         2d3       95%         4
 Olgreb's Toxic Radiance  Alch           1%         N/A       95%         4
 Freezing Cloud           Conj/Ice/Air   3%         6-21      98%         5
 Curse of Agony           Necr           1%         N/A       100%        5
 Plasma Beam              Fire/Air       0%         2x1d10    100%        6
 Starburst                Conj/Fire      0%         6d3       100%        6
 Ozocubu's Refrigeration  Ice            9%         4d9       100%        7
 Summon Hydra             Summ           9%         N/A       100%        7
 Discord                  Hex            0%         N/A       100%        8
 Maxwell's Capacitive Co  Air            0%         ∞         100%        8
 Chain Lightning          Conj/Air       0%         2d1       100%        9
 Fire Storm               Conj/Fire      0%         6d1       100%        9
 Shatter                  Erth           0%         3d5*      100%        9


Dungeon Overview and Level Annotations

Branches:
Dungeon (11/15)            Temple (1/1) D:5            Lair (2/5) D:9
  Swamp (0/4) Lair:2       Spider (0/4) Lair:2        Sewer (visited)
    Orc: D:9-12

Altars:
Ashenzari
Cheibriados
Dithmenos
Elyvilon
Fedhas
Gozag
Hepliaklqana
Kikubaaqudgha
Makhleb
Nemelex Xobeh
Okawaru
Qazlal
Ru
Sif Muna
Trog
Uskayaw
Vehumet
Wu Jian
Xom
Yredelemnul
Zin
The Shining One

Shops:
D:6 !

Annotations:
D:8 1 runed translucent door, crabbyslav's ghost, novice OpWn
Lair:2 1 runed translucent door


Innate Abilities, Weirdness & Mutations

You are a tree.
Your roots penetrate the ground, keeping you stationary.
You cannot be teleported.
You are immune to unholy pain and torment.
Your maximum health is greatly increased.
Your life essence is reduced to manifest your ancestor. (-10% HP)
You cannot wear most types of armour.
((You are amphibious.))
You can wear up to eight rings at the same time.
((Your skin changes colour to match your surroundings (Stealth+).))
((Your rubbery body absorbs attacks. (AC +1, EV +1)))
((You are camouflaged when in or above water. (Stealth+)))
((You have tentacles for arms and can constrict up to eight enemies at once.))


Message History

The killer bee poisons you!
The killer bee stings you but does no damage. x3
The queen bee stings you but does no damage.
You sock the queen bee!
You kill the queen bee!
You feel sick. The killer bee barely misses you. The killer bee stings you.
* * * LOW HITPOINT WARNING * * *
You block the killer bee's attack.
The killer bee stings you but does no damage. x2
The killer bee stings you!
* * * LOW HITPOINT WARNING * * *
You are more poisoned.
The killer bee poisons you!
You sock the killer bee!
You kill the killer bee!
You feel very sick. The killer bee stings you.
* * * LOW HITPOINT WARNING * * *
The killer bee stings you but does no damage.
Okay, then.
You feel better.
The killer bee stings you but does no damage. x3
Aiming: Fastroot
Press: ? - help, Shift-Dir - straight line The roots erupt in riotous growth!
Roots grab the killer bee.
The grasping roots constrict the killer bee.
You hear an angry buzzing noise. x2; You hear an angry hiss.
The killer bee stings you.
* * * LOW HITPOINT WARNING * * *
The killer bee stings you!
* * * LOW HITPOINT WARNING * * *
You are lethally poisoned!
The killer bee poisons you!
The killer bee stings you but does no damage.
You sock the killer bee!
The grasping roots constrict the killer bee!
You kill the killer bee!
You die...
Hepliaklqana delivers you to your ancestors.

###♣ ♣♣... ........ #..♣♣
♣♣.. ..(....# ##...♣ ♣P.
......# ##....# ♣♣♣.
#P...###..P.#####...
##....##...####.....
#....#.#...##.#.....
y#..###.....#..........#.
!...#.#$♣.......##....###
#.....†.........##....##
##......†..##.>....#...###
....♣~♣...##....#.....P#.
#.|♣§♣♣...###....#....###
♣.♣♣§y♣♣..##.....###...##
#♣y♣§♣~~..###...###....##
#§y§y♣....P#....####..P##
#♣♣Y§♣.♣.....>...##....##


There were no monsters in sight!

Vanquished Creatures
  An eleionoma (Lair:2)
  2 hydras
  A two-headed ogre (D:10)
  3 death yaks
  A boulder beetle (Lair:2)
  A cyclops (D:11)
  3 elephants (Lair:2)
  2 rime drakes
  5 cane toads
  A queen bee (Lair:2)
  A slime creature (D:9)
  6 yaks
  3 basilisks
  A steam dragon (D:6)
  A water moccasin (Lair:2)
  Pargi (D:3)
  A black bear (D:7)
  A wolf (Lair:2)
  2 ogres
  A centaur (D:8)
  3 kobold brigands
  A phantom (D:5)
  Blork the orc (D:5)
  7 bullfrogs
  A gnoll sergeant (D:5)
  3 scorpions
  6 wights
  12 killer bees
  An electric eel (Lair:1)
  3 bombardier beetles
  A hound (D:6)
  5 orc priests
  2 jellies
  An iguana (D:4)
  2 hell rats (Lair:1)
  Natasha (thrice) (D:2)
  7 orc wizards
  7 gnolls
  12 adders
  A river rat (Sewer)
  10 dart slugs
  2 ribbon worms (Sewer)
  17 orcs
  6 bats
  16 endoplasms
  7 giant cockroaches
  2 hobgoblins
  3 jackals (D:3)
  15 kobolds
  A quokka (D:3)
  10 ball pythons
  8 frilled lizards
  12 goblins
  11 rats
237 creatures vanquished.

Vanquished Creatures (collateral kills)
  3 death yaks (Lair:1)
  A pharaoh ant (Lair:2)
  3 elephants (Lair:2)
  A gargoyle (D:11)
  An unseen horror (D:11)
  2 cane toads (Lair:1)
  3 komodo dragons (Lair:1)
  A troll (D:10)
  2 hornets
  A tarantella (Lair:2)
  3 blink frogs (Lair:1)
  2 slime creatures (D:9)
  A shadow (D:10)
  10 yaks
  2 wyverns
  2 basilisks
  3 water moccasins
  A sky beast (D:7)
  A black bear (D:6)
  2 wolves (Lair:2)
  A centaur (D:5)
  A kobold brigand (D:11)
  The ghost of Descartes the Ducker, an amateur FeSh (D:3)
  3 bullfrogs
  3 scorpions
  4 wights
  7 killer bees
  An electric eel (Lair:1)
  A hound (D:5)
  A gnoll bouda (D:8)
  An orc priest (D:10)
  A sleepcap (D:6)
  3 hell rats (Lair:1)
  3 orc wizards
  4 adders
  5 gnolls
  2 ufetubi (D:6)
  A ribbon worm (D:3)
  7 orcs
  2 goblins (D:3)
  7 kobolds
  A bat (D:3)
  2 butterflies (Lair:1)
107 creatures vanquished.

Vanquished Creatures (others)
  9 battlemagi
  2 ancestors (D:6)
11 creatures vanquished.

Grand Total: 355 creatures vanquished

Notes
Turn   | Place    | Note
-------+----------+-------------------------------------------
     0 | D:1      | oppeldang the Octopode Wanderer began the quest for the
                  | Orb.
     0 | D:1      | oppeldang set off with the following items: a +0 spear, a
                  | +0 hat, a potion of lignification; and the following spell
                  | memorised: Summon Small Mammal; and the following spells
                  | available to memorise: Summon Ice Beast, Summon Blazeheart
                  | Golem.
     0 | D:1      | Reached XP level 1. HP: 11/11 MP: 3/3
   193 | D:1      | Reached skill level 1 in Fighting
   210 | D:1      | Reached XP level 2. HP: 18/18 MP: 5/5
   330 | D:1      | Found a faded altar of an unknown god.
   722 | D:2      | Noticed Natasha
   725 | D:2      | Reached XP level 3. HP: 25/25 MP: 6/6
   728 | D:2      | Killed Natasha
   729 | D:2      | Reached skill level 1 in Shields
   800 | D:2      | Learned a level 3 spell: Summon Ice Beast
   803 | D:2      | Learned a level 2 spell: Call Imp
   881 | D:2      | Reached XP level 4. HP: 23/31 MP: 7/7
   922 | D:2      | Noticed Natasha
   940 | D:2      | Killed Natasha
   941 | D:2      | Reached skill level 1 in Ice Magic
  1688 | D:2      | Noticed Natasha
  1734 | D:2      | Killed Natasha
  1735 | D:2      | Reached XP level 5. HP: 20/36 MP: 5/8
  2089 | D:3      | Found a runed translucent gate.
  2089 | D:3      | Found a runed translucent gate.
  2089 | D:3      | Found a runed translucent gate.
  2089 | D:3      | Found an opulent altar of Gozag.
  2090 | D:3      | Noticed Descartes's ghost (amateur FeSh)
  2091 | D:3      | Noticed Pargi
  2194 | D:4      | Identified the +7 sling "Wietuole" {heavy, *Corrode rF+ rC+
                  | Int+2}
  2305 | D:4      | Found a sacrificial altar of Ru.
  2439 | D:4      | Found a broken altar of Ashenzari.
  2514 | D:4      | Reached XP level 6. HP: 42/42 MP: 9/9
  3186 | D:5      | Entered Level 5 of the Dungeon
  3223 | D:5      | Found a blossoming altar of Fedhas.
  3236 | D:5      | Reached XP level 7. HP: 36/46 MP: 5/10
  3257 | D:5      | Noticed Blork the orc
  3273 | D:5      | Killed Blork the orc
  3286 | D:5      | Found a staircase to the Ecumenical Temple.
  3295 | Temple   | Entered the Ecumenical Temple
  3304 | Temple   | Became a worshipper of Hepliaklqana the Forgotten
  3331 | D:5      | Found a glowing drain.
  3352 | Sewer    | Entered a sewer
  3546 | Sewer    | Found a viscous altar of Jiyva.
  3646 | D:5      | Reached skill level 5 in Ice Magic
  3711 | D:5      | Reached skill level 5 in Summonings
  3738 | D:5      | Reached XP level 8. HP: 45/52 MP: 3/11
  3750 | D:5      | Reached * piety under Hepliaklqana
  3856 | D:5      | Found a sparkling altar of Nemelex Xobeh.
  3904 | D:5      | Found an opulent altar of Gozag.
  4135 | D:3      | Found a radiant altar of Vehumet.
  4167 | D:3      | Found an ornate altar of the Wu Jian Council.
  4465 | D:3      | Reached skill level 1 in Dodging
  4465 | D:3      | Reached skill level 1 in Evocations
  4535 | D:3      | Killed Pargi
  4691 | D:3      | Found a radiant altar of Vehumet.
  4817 | D:3      | Found an ornate altar of the Wu Jian Council.
  4934 | D:3      | Killed Descartes's ghost
  5163 | D:6      | Reached skill level 5 in Fighting
  5256 | D:6      | Found a basalt altar of Yredelemnul.
  5426 | D:6      | Reached skill level 1 in Maces & Flails
  5426 | D:6      | Reached XP level 9. HP: 54/54 MP: 12/12
  5562 | D:6      | Reached skill level 2 in Maces & Flails
  5588 | D:6      | Found Uzxifa's Distillery.
  5591 | D:6      | Bought a potion of resistance for 100 gold pieces
  5591 | D:6      | Bought a potion of heal wounds for 50 gold pieces
  5591 | D:6      | Bought a potion of might for 40 gold pieces
  5591 | D:6      | Bought a potion of mutation for 80 gold pieces
  5591 | D:6      | Bought a potion of lignification for 30 gold pieces
  5758 | D:6      | Found a shimmering blue altar of Sif Muna.
  5912 | D:7      | Reached skill level 3 in Maces & Flails
  6723 | D:8      | Reached ** piety under Hepliaklqana
  6724 | D:8      | Remembered your ancestor Cuamopnogho as a battlemage
  6757 | D:8      | Reached skill level 4 in Maces & Flails
  6763 | D:8      | Found a snail-covered altar of Cheibriados.
  7080 | D:8      | Found a shadowy altar of Dithmenos.
  7157 | D:8      | Found a runed translucent door.
  7159 | D:8      | Noticed crabbyslav's ghost (novice OpWn)
  7772 | D:8      | Noticed a polar bear
  8070 | D:9      | Reached skill level 5 in Maces & Flails
  8144 | D:9      | Found Zin's Purification Station.
  8145 | D:9      | Found a glowing silver altar of Zin.
  8151 | D:9      | Bought a potion of curing for 90 gold pieces
  8355 | D:9      | Reached skill level 5 in Dodging
  8355 | D:9      | Reached XP level 10. HP: 37/61 MP: 13/13
  8517 | D:9      | Reached skill level 6 in Maces & Flails
  8545 | D:9      | Reached skill level 7 in Maces & Flails
  8741 | D:9      | Found a staircase to the Lair.
  8865 | D:9      | Noticed a cyclops
  8938 | D:9      | Found a bloodstained altar of Trog.
  9221 | D:10     | Entered Level 10 of the Dungeon
  9682 | D:10     | Got the Incunable of Overhead Last Rites
  9813 | D:10     | Reached *** piety under Hepliaklqana
  9818 | D:10     | Reached skill level 8 in Maces & Flails
 10055 | D:10     | Noticed a two-headed ogre
 10061 | D:10     | Killed a two-headed ogre
 10062 | D:10     | Reached XP level 11. HP: 50/69 MP: 8/14
 10144 | D:10     | Found a stormy altar of Qazlal.
 10427 | D:11     | Noticed a cyclops
 10462 | D:11     | Killed a cyclops
 10463 | D:11     | Reached skill level 9 in Maces & Flails
 10509 | D:11     | Noticed a six-headed hydra
 10585 | D:11     | Learned a level 3 spell: Passwall
 10888 | D:11     | Reached **** piety under Hepliaklqana
 11122 | D:11     | Killed a six-headed hydra
 11269 | Lair:1   | Entered Level 1 of the Lair of Beasts
 11716 | Lair:1   | Reached skill level 10 in Maces & Flails
 12246 | Lair:1   | Noticed a death yak
 12246 | Lair:1   | Noticed a death yak
 12247 | Lair:1   | Noticed a death yak
 12249 | Lair:1   | Noticed a death yak
 12251 | Lair:1   | Noticed a death yak
 12254 | Lair:1   | Killed a death yak
 12256 | Lair:1   | Killed a death yak
 12259 | Lair:1   | Killed a death yak
 12260 | Lair:1   | Reached XP level 12. HP: 77/77 MP: 10/15
 12261 | Lair:1   | Killed a death yak
 12262 | Lair:1   | Reached skill level 11 in Maces & Flails
 12262 | Lair:1   | Killed a death yak
 12688 | Lair:1   | Reached skill level 10 in Fighting
 13186 | Lair:2   | Noticed a boulder beetle
 13193 | Lair:2   | Killed a boulder beetle
 13202 | Lair:2   | Reached skill level 12 in Maces & Flails
 13275 | Lair:2   | Noticed a death yak
 13280 | Lair:2   | Noticed a seven-headed hydra
 13290 | Lair:2   | Killed a seven-headed hydra
 13298 | Lair:2   | Killed a death yak
 13374 | Lair:2   | Noticed a catoblepas
 13374 | Lair:2   | Noticed a catoblepas
 13394 | Lair:2   | Found a runed translucent door.
 13478 | Lair:2   | Found a hole to the Spider Nest.
 13647 | Lair:2   | Noticed an eleionoma
 13651 | Lair:2   | Killed an eleionoma
 13652 | Lair:2   | Found a staircase to the Swamp.
 13917 | Lair:2   | Reached skill level 13 in Maces & Flails
 13917 | Lair:2   | Reached XP level 13. HP: 52/84 MP: 13/16
 14189 | Lair:2   | Reached skill level 10 in Dodging
 14430 | Lair:2   | HP: 1/127 [killer bee (8)]
 14431 | Lair:2   | Succumbed to a killer bee's poison

Illustrated notes

Levels and vault maps discovered:
D:1:      dpeg_arrival_tiny_c, layout_loops_cross,
          hellmonk_ecumenical_altar_run_dry, hex_large, minmay_box_of_dots
D:2:      layout_loops_ring, minmay_misc_feat_roman, uniq_natasha
D:3:      layout_basic, nzn_wu_jian_council_hall, vehumet_altar_wand_db,
          ebering_ghost_gozag, corexii_corridor_pit, uniq_pargi
D:4:      kennysheep_slugbush, layout_loops_ring,
          nicolae_ru_sacrificial_ziggurat, nicolae_overflow_crystal_walls,
          guppyfry_early_lair_pool
D:5:      layout_basic, lemuel_crystal_altar, fedhas_bush_and_centaur_altar,
          nemelex_dance_club_becter, temple_statues, gup_sewer_entry_glass,
          uniq_blork_the_orc
D:6:      layout_layer_cave, kennysheep_mini_moat, lemuel_doored_altar,
          serial_shops, nicolae_shop_behind_doors
D:7:      layout_basic, kennysheep_generic_room_13
D:8:      layout_basic, lemuel_tele_altar, mainiacjoe_overflow_24_doors,
          ebering_ghost_inner_flame
D:9:      layout_roguey, lemuel_coloured_pillars_altar, zin_purify,
          lair_entry_dummy, wad_dig_loot
D:10:     layout_basic, mainiacjoe_overflow_cross_hatched, dk_noncrumbling_4
D:11:     layout_rooms
Temple:   nicolae_temple_ecumenical_triangle
Lair:1:   layout_cellular_growth, lemuel_fruit_fields, serial_bayou_shore_b,
          lemuel_fruit_tree, serial_bayou_shore_a, lemuel_fruit_fields,
          grunt_megastairs_4
Lair:2:   gammafunk_lair_enchanted_lake, layout_concentric_octagons,
          alex1729_swamp_entry_worm_eleionoma,
          nicolae_spider_entry_lesser_pyramids, special_room [special_room_bee],
          disabler_island

Skill      XL: |  1  2  3  4  5  6  7  8  9 10 11 12 13 |
---------------+----------------------------------------+-----
Fighting       | 1 2 3 5 6 8 9 10 11 | 11.1
Shields        | 1 2 3 |  3.0
Ice Magic      | 1 2 3 5 |  5.3
Summonings     | 3 5 |  5.2
Dodging        | 3 5 6 8 9 10 | 10.1
Evocations     | 3 4 |  4.0
Maces & Flails | 1 5 8 10 13 | 13.3
Polearms       | |  2.0
Stealth        | |  2.6
Spellcasting   | |  2.0
Invocations    | |  2.0

Action                     |  1- 3 |  4- 6 |  7- 9 | 10-12 | 13-15 || total
---------------------------+-------+-------+-------+-------+-------++-------
  Melee: Spear             |    38 |       |       |       |       ||    38
         Constrict         |     9 |     7 |     3 |    37 |     8 ||    64
         Dagger            |    19 |    35 |       |       |       ||    54
         Tentacles         |     5 |     9 |     2 |    60 |     7 ||    83
         Flail             |       |       |     7 |   214 |    43 ||   264
   Fire: Sling             |       |    62 |   219 |       |       ||   281
  Throw: Dart              |       |       |       |     4 |       ||     4
         Throwing net      |       |       |       |     1 |       ||     1
   Cast: Summon Small Mamm |       |     4 |       |       |       ||     4
         Call Imp          |       |     4 |     9 |    20 |       ||    33
         Summon Ice Beast  |       |     1 |     9 |    19 |     2 ||    31
 Invoke: Recall Ancestor   |       |       |     1 |     3 |       ||     4
         Ancestor Life: Ba |       |       |     1 |       |       ||     1
  Evoke: Wand              |       |       |       |    11 |     1 ||    12
    Use: Potion            |       |     1 |     1 |     7 |     5 ||    14
         Scroll            |       |       |     5 |     7 |       ||    12
   Stab: Sleeping          |    13 |     3 |       |     1 |       ||    17
         Distracted        |     1 |       |     1 |     5 |       ||     7
         Invisible         |       |       |       |     4 |       ||     4
         Held in net/web   |       |       |       |     1 |       ||     1
 Armour: Skin              |    14 |    53 |    67 |   112 |    44 ||   290
  Dodge: Dodged            |     9 |    29 |    43 |   100 |    47 ||   228
  Block: Buckler           |     4 |    29 |    26 |    67 |    16 ||   142

Table legend: (Time is in decaauts)
 A = Elapsed time spent in this place.
 B = Non-inter-level travel time spent in this place.
 C = Inter-level travel time spent in this place.
 D = Time resting spent in this place.
 E = Time spent auto-exploring this place.
 F = Levels seen in this place.
 G = Mean time per level.
                   A        B        C        D        E       F      G
               +--------+--------+--------+--------+--------+-----+--------+
         Total |  14751 |  14191 |    560 |   2101 |   9775 |  15 |  983.4 |
       Dungeon |  11279 |  10755 |    524 |   1401 |   7626 |  11 | 1025.4 |
        Temple |     18 |     10 |      8 |      0 |      0 |   1 |   18.0 |
          Lair |   3137 |   3109 |     28 |    700 |   1960 |   2 | 1568.5 |
         Sewer |    316 |    316 |      0 |      0 |    189 |   1 |  316.0 |
               +--------+--------+--------+--------+--------+-----+--------+

Top non-repeatable levels by time:
  Lair:1: 1892 daAuts
     D:2: 1385 daAuts
     D:8: 1309 daAuts
     D:9: 1263 daAuts
  Lair:2: 1244 daAuts
    D:10: 1202 daAuts
     D:3: 1140 daAuts
     D:4: 943 daAuts
     D:7: 931 daAuts
     D:6: 856 daAuts
    D:11: 834 daAuts
     D:1: 731 daAuts
     D:5: 681 daAuts
   Sewer: 316 daAuts
  Temple: 18 daAuts
